 Dungeon Crawl Stone Soup version 0.30-a0-830-gfe289a77b0 (webtiles) character file.

Game seed: 2341875991338366026

313 demibob the Stinger (level 6, -5/41 HPs)
             Began as a Demonspawn Venom Mage on Mar 1, 2023.
             Slain by a wight
             ... wielding a +0 spear
              (8 damage)
             ... on level 4 of the Dungeon.
             The game lasted 00:06:58 (2697 turns).

demibob the Stinger (Demonspawn Venom Mage)         Turns: 2697, Time: 00:06:59

Health: -5/41      AC:  4    Str:  9    XL:     6   Next: 19%
Magic:  4/9        EV: 12    Int: 18    God:
Gold:   135        SH:  0    Dex: 13    Spells: 3/9 levels left

rFire   . . .      SeeInvis .    a - +3 quarterstaff (spect)
rCold   . . .      Faith    .    (shield currently unavailable)
rNeg    . . .      Spirit   .    e - +0 robe
rPois   .          Reflect  .    (helmet restricted)
rElec   .          Harm     .    m - +0 cloak
rCorr   .          Rampage  .    n - +0 pair of gloves
Will    .....                    (no boots)
Stlth   ++                       (no amulet)
HPRegen 0.26/turn                (no ring)
MPRegen 0.11/turn                (no ring)

@: mighty, brilliant, attractive, flying, hasted, very quick
A: horns 1, powered by death 1, sturdy frame 1
a: no special abilities


You were on level 4 of the Dungeon.
You visited 1 branch of the dungeon, and saw 4 of its levels.

You collected 135 gold pieces.


Innate Abilities, Weirdness & Mutations

You have a pair of small horns on your head.
You regenerate a little health from kills.
Your movements are slightly less encumbered by armour. (ER -2)


   Skills:
 + Level 2.9 Staves
 - Level 1.7 Dodging
 - Level 1.7 Stealth
 - Level 2.0 Spellcasting
 - Level 0.8 Transmutations
 - Level 1.2 Air Magic
 + Level 5.8 Poison Magic


You had 3 spell levels left.
You knew the following spells:

 Your Spells              Type           Power      Damage    Failure   Level
m - Mephitic Cloud        Conj/Pois/Air  15%        N/A       21%         3
p - Poisonous Vapours     Pois/Air       42%        N/A       6%          2
z - Sting                 Tmut/Pois      80%        1d7       4%          1

Your spell library contained the following spells:

 Spells                   Type           Power      Damage    Failure   Level
 Olgreb's Toxic Radiance  Pois           34%        N/A       17%         4

Inventory:

Hand Weapons
 a - a +3 spectral quarterstaff (weapon)
 f - a +0 short sword
Armour
 e - a +0 robe (worn)
 m - a +0 cloak (worn)
 n - a +0 pair of gloves (worn)
Jewellery
 i - an amulet of guardian spirit
Scrolls
 c - a scroll of noise
 j - 2 scrolls of magic mapping
 q - a scroll of amnesia
Potions
 b - a potion of magic
 l - a potion of invisibility {unknown}

Dungeon Overview and Level Annotations

Branches:
Dungeon (4/15)
 Temple: D:4-7

Altars:
Fedhas
Gozag

#............##
##..#.........#
###....).....##
#.......##...##
#........#....#
#...###.......#
#...##..z##.###
##.....§z.# #
##....)@##
#####.## ###


You could see 2 wights.


Message History

Okay, then.
It was a potion of brilliance.
You feel clever all of a sudden.
You closely miss the wight.
Your +3 spectral quarterstaff barely misses the wight.
The wight hits you with a +0 short sword.
* * * LOW HITPOINT WARNING * * *
The wight barely misses you.
You hit the wight.
You headbutt the wight, but do no damage.
The wight is lightly damaged.
Your +3 spectral quarterstaff barely misses the wight.
You hit the wight but do no damage.
The wight is lightly damaged.
Your +3 spectral quarterstaff hits the wight!
The wight barely misses your +3 spectral quarterstaff.
The wight closely misses you.
You hit the wight.
You destroy the wight!
The wight hits you from afar with a +0 spear.
* * * LOW HITPOINT WARNING * * *
Your life force feels restored.
You have reached level 6!
Your demonic ancestry asserts itself...
You feel less encumbered by your armour.
Okay, then.
It was a potion of might.
You feel very mighty all of a sudden.
The wight hits you from afar with a +0 spear!
You die...

Skill      XL: |  1  2  3  4  5 |
---------------+----------------+-----
Poison Magic   | 4 5 |  5.8
Air Magic      | 1 |  1.2
Staves         | 1 2 |  2.9
Dodging        | |  1.7
Stealth        | |  1.7
Spellcasting   | |  2.0
Transmutations | |  0.8

Action                     |  1- 3 |  4- 6 || total
---------------------------+-------+-------++-------
  Melee: Unarmed           |     6 |       ||     6
         Short sword       |    70 |       ||    70
         Headbutt          |    10 |     4 ||    14
         Quarterstaff      |       |    33 ||    33
   Cast: Sting             |    53 |    18 ||    71
         Poisonous Vapours |     5 |     4 ||     9
    Use: Scroll            |     3 |     3 ||     6
         Potion            |       |     8 ||     8
   Stab: Distracted        |       |     1 ||     1
 Armour: Robe              |    20 |     5 ||    25
  Dodge: Dodged            |    50 |    10 ||    60

Levels and vault maps discovered:
D:1:      scummos_arrival_hexagon, layout_loops_ring, minmay_crystal_water,
          nrook_loot_triangle, amcnicky_mini_pool_small
D:2:      layout_basic, basic_altar
D:3:      layout_loops_cross, general_overflow_altar, fountainhead
D:4:      layout_cave_pools, uniq_menkaure, uniq_crazy_yiuf_cottage

Notes
Turn   | Place    | Note
-------+----------+-------------------------------------------
     0 | D:1      | demibob the Demonspawn Venom Mage began the quest for the
                  | Orb.
     0 | D:1      | Reached XP level 1. HP: 13/13 MP: 3/3
   221 | D:1      | Gained mutation: You have a pair of small horns on your
                  | head. [demonic ancestry]
   221 | D:1      | Reached XP level 2. HP: 19/19 MP: 3/5
   337 | D:1      | Learned a level 2 spell: Poisonous Vapours
   446 | D:1      | Reached skill level 4 in Poison Magic
   891 | D:1      | Reached XP level 3. HP: 24/24 MP: 2/6
   895 | D:1      | Learned a level 3 spell: Mephitic Cloud
  1108 | D:2      | Found a blossoming altar of Fedhas.
  1817 | D:3      | Reached skill level 1 in Air Magic
  1954 | D:3      | Gained mutation: You regenerate a little health from kills.
                  | [demonic ancestry]
  1954 | D:3      | Reached XP level 4. HP: 22/30 MP: 5/7
  2007 | D:3      | Identified a scroll of acquirement
  2007 | D:3      | Acquired a +3 spectral quarterstaff
  2122 | D:3      | Reached skill level 1 in Staves
  2122 | D:3      | Reached skill level 5 in Poison Magic
  2361 | D:3      | Reached XP level 5. HP: 35/35 MP: 6/8
  2418 | D:3      | Found an opulent altar of Gozag.
  2658 | D:4      | Reached skill level 2 in Staves
  2696 | D:4      | HP: 2/33 [wight/+0 spear (4)]
  2697 | D:4      | Gained mutation: Your movements are slightly less
                  | encumbered by armour. (ER -2) [demonic ancestry]
  2697 | D:4      | Reached XP level 6. HP: 3/41 MP: 4/9
  2697 | D:4      | Slain by a wight

Vanquished Creatures
  3 wights (D:4)
  An orc priest (D:3)
  An orc wizard (D:3)
  4 adders
  A worm (D:3)
  2 dart slugs
  3 orcs (D:3)
  6 ball pythons
  3 bats
  5 endoplasms
  2 giant cockroaches
  3 goblins (D:1)
  6 hobgoblins
  2 jackals (D:2)
  A quokka (D:1)
  2 frilled lizards (D:1)
  8 kobolds
  7 rats
60 creatures vanquished.

Table legend: (Time is in decaauts)
 A = Elapsed time spent in this place.
 B = Non-inter-level travel time spent in this place.
 C = Inter-level travel time spent in this place.
 D = Time resting spent in this place.
 E = Time spent auto-exploring this place.
 F = Levels seen in this place.
 G = Mean time per level.
                   A        B        C        D        E       F      G
               +--------+--------+--------+--------+--------+-----+--------+
         Total |   2672 |   2646 |     26 |    106 |   2063 |   4 |  668.0 |
       Dungeon |   2672 |   2646 |     26 |    106 |   2063 |   4 |  668.0 |
               +--------+--------+--------+--------+--------+-----+--------+

Top non-repeatable levels by time:
     D:1: 1105 daAuts
     D:3: 840 daAuts
     D:2: 684 daAuts
     D:4: 42 daAuts

Table legend:
 A = Non-vault XP
 B = Vault XP
 C = Vault XP percentage of total XP
 D = Non-vault monster count
 E = Vault monster count
 F = Vault count percentage of total count
                 A         B        C        D         E       F
            +---------+---------+-------+---------+---------+-------
      Total |     448 |       0 |   0.0 |      60 |       0 |   0.0
            +---------+---------+-------+---------+---------+-------
        D:1 |      46 |       0 |   0.0 |      27 |       0 |   0.0
        D:2 |      30 |       0 |   0.0 |      11 |       0 |   0.0
        D:3 |     150 |       0 |   0.0 |      18 |       0 |   0.0
        D:4 |     222 |       0 |   0.0 |       4 |       0 |   0.0
            +---------+---------+-------+---------+---------+-------
